Cogmind - Beta 13 *** ADVENTURER MODE // 2024.04.03 @ 17:55:46 Player: ActualDio Result: Destroyed by as-80977 with Assembled Blade Performance ------------- Evolutions (0) 0 Regions Visited (2) 400 Robots Destroyed (21) 105 Value Destroyed (462) 462 Prototype IDs (0) 0 Alien Tech Used (0) 0 Bonus (0) 0 TOTAL SCORE: 967 Bonus ------- None Cogmind --------- Core Integrity 0/250 Matter 265/300 Energy 240/240 System Corruption 1% Temperature Cool (21) Movement Rolling (115) Ox1 Location -10/Mines Parts ------- > --- POWER (1) -------- Nuclear Core > --- PROPULSION (2) --- Compact Wheel Compact Wheel > --- UTILITY (2) ------ Large Storage Unit > --- WEAPON (2) ------- Autogun Autogun > --- INVENTORY (15) --- Ion Engine Experimental Sensor Array Improved Terrain Scanner Improved Terrain Scan Processor ECM Suite Improved Power Shielding Light Armor Plating Improved Trap Extractor (0/6) Autogun Autogun Rocket Launcher Mining Laser Plasma Cutter Hammer Maul Peak State ------------ > --- POWER ------------ Nuclear Core > --- PROPULSION ------- Compact Wheel Compact Wheel > --- UTILITY ---------- Large Storage Unit Signal Interpreter > --- WEAPON ----------- Autogun Katana > --- INVENTORY -------- Ion Engine Improved Terrain Scan Processor ECM Suite Improved Power Shielding Propulsion Shielding Light Armor Plating Improved Trap Extractor Autogun Autogun Autogun Grenade Launcher Mining Laser Plasma Cutter Maul [Rating: 14] Favorites ----------- Power Nuclear Core Engine Ion Engine Power Core Nuclear Core Propulsion Compact Wheel Wheel Compact Wheel Utility Signal Interpreter Storage Large Storage Unit Processor Signal Interpreter Protection Light Armor Plating Weapon Autogun Energy Gun Medium Laser Ballistic Gun Autogun Special Weapon Mining Laser Impact Weapon Maul Slashing Weapon Katana Build | -11 -10 -10 ------- Run | Yrd Mat Min Slots Evolved . | . . . Power . | . . . Propulsion . | . . . Utility . | . . . Weapon . | . . . Parts Attached 29 | 6 13 10 Power 4 | 1 2 1 Engine 3 | 1 2 . Core 1 | . . 1 Reactor . | . . . Propulsion 6 | 2 2 2 Treads . | . . . Leg . | . . . Wheel 6 | 2 2 2 Hover . | . . . Flight . | . . . Utility 6 | 1 5 . Device . | . . . Storage 2 | 1 1 . Processor 1 | . 1 . Hackware . | . . . Protection 3 | . 3 . Artifact . | . . . Weapon 13 | 2 4 7 Energy Gun 1 | 1 . . Energy Cannon . | . . . Ballistic Gun 6 | 1 3 2 Ballistic Cannon . | . . . Launcher . | . . . Special Weapon 2 | . . 2 Impact Weapon 3 | . 1 2 Slashing Weapon 1 | . . 1 Piercing Weapon . | . . . Special Melee Weapon . | . . . Unidentified Prototypes . | . . . Parts Lost 5 | . 4 1 Power 1 | . 1 . Propulsion 2 | . 2 . Utility 2 | . 1 1 Weapon . | . . . Highest Loss Streak 2 | . 2 1 To Critical Strikes . | . . . Average Slot Usage (%) 92 | . 83 99 Engine 6 | . 13 . Core 6 | . . 13 Wheel 22 | . 17 28 Storage 14 | . 14 14 Processor 9 | . 5 13 Protection 2 | . 4 . Energy Gun 2 | . 5 . Ballistic Gun 19 | . 21 17 Special Weapon 5 | . . 10 Naked Turns . | . . . Heaviest Build 33 | 14 31 33 Greatest Support 32 | 20 32 32 Greatest Overweight (x) 5 | . 5 1 Average Overweight (x) . | . . . Largest Inventory Capacity 15 | 8 15 15 Average Capacity 12 | 6 10 15 Most Carried 15 | 5 10 15 Average Carried 9 | 2 6 13 Final Capacity 15 | 8 15 15 Final Carried 15 | 1 10 15 Class Distribution -------------------- 100% | Mutant Dominant Class ---------------- Mutant | -10/Materials Mutant | -10/Mines Resources | -11 -10 -10 ----------- Run | Yrd Mat Min Matter Collected 721 | 260 271 190 Remotely . | . . . Salvage Created 664 | . 501 163 Parts 38 | . 29 9 Haulers Intercepted . | . . . Recyclers Shooed 1 | . . 1 Parts Field Recycled . | . . . Retrieved Matter . | . . . Parts Self-Destructed . | . . . Prevented . | . . . Kills | -11 -10 -10 ------- Run | Yrd Mat Min Combat Hostiles Destroyed 20 | . 12 8 Guns 20 | . 12 8 Classes Destroyed 5 | . 4 1 Recycler 1 | . 1 . Watcher 3 | . 3 . Swarmer 9 | . 6 3 Grunt 8 | . 6 2 Assembled 3 | . . 3 Best Kill Streak 6 | . 6 3 Combat Bots Only 5 | . 5 3 Max Kills in Single Turn 1 | . 1 1 Gunslinging . | . . . Exploded . | . . . Melee . | . . . Uniques/NPCs Destroyed . | . . . Combat | -11 -10 -10 -------- Run | Yrd Mat Min Hostile Shots Fired 126 | . 101 25 Missed 41 | . 35 6 Damage Taken 884 | . 596 288 Core 256 | . 174 82 Absorbed by Shields . | . . . Ignored by Resistances 263 | . 181 82 Core Remaining (%) 100 | 100 . . Volleys Fired 60 | . 37 23 Largest 2 | . 2 2 Hottest 70 | . 70 46 Shots Fired 107 | . 74 33 Gun 107 | . 74 33 Cannon . | . . . Launcher . | . . . Special . | . . . Kinetic 80 | . 47 33 Thermal 27 | . 27 . Explosive . | . . . Electromagnetic . | . . . Robot Hit Streak 10 | . 9 10 Robot Miss Streak 2 | . 2 2 Penetration Max . | . . . Secondary Targets 4 | . 3 1 Max Gunslinging Chain 1 | . 1 1 Shots Hit Robots 77 | . 54 23 Core Hits 35 | . 21 14 Critical Kills . | . . . Critical Parts Destroyed . | . . . Critical Strikes . | . . . Melee Attacks . | . . . Impact . | . . . Slashing . | . . . Piercing . | . . . Sneak Attacks . | . . . Combat Hostiles . | . . . Follow-up Attacks . | . . . Damage Inflicted 1137 | . 736 401 Guns 1086 | . 736 350 Cannons . | . . . Explosions 43 | . . 43 Melee . | . . . Ramming 8 | . . 8 Kinetic 850 | . 500 350 Thermal 279 | . 236 43 Explosive . | . . . Electromagnetic . | . . . Impact . | . . . Slashing . | . . . Piercing . | . . . Highest Corruption 1 | . . 1 Average Corruption 1 | . . 1 Corruption Purged . | . . . Corruption Blocked . | . . . Overload Shots . | . . . Overflow Damage . | . . . Projectiles . | . . . Explosions . | . . . Melee . | . . . Knockbacks . | . . . Impact . | . . . Kinetic . | . . . Secondary . | . . . Self-Inflicted Damage 25 | . . 25 Shots 1 | . . 1 Rammed 1 | . . 1 Targets Rammed 1 | . . 1 Kicked . | . . . Crushed . | . . . Highest Temperature 290 | . 290 24 Average Temperature 73 | . 91 10 Received Heat Transfer 330 | . 276 54 Siege Activations . | . . . Robots Corrupted . | . . . Combat Hostiles . | . . . Parts Fried . | . . . Impact Corruptions . | . . . Robots Melted . | . . . Combat Hostiles . | . . . Parts Melted 2 | . 2 . Heat Transferred 753 | . 703 50 Parts Sabotaged . | . . . Parts Stolen . | . . . Parts Stripped . | . . . Power Chain Reactions . | . . . Alert | -11 -10 -10 ------- Run | Yrd Mat Min Peak Influence 244 | . 244 95 Initial . | . . . Average 70 | . 122 26 Maximum Alert Level 1 | . 1 . Low Security (%) 89 | 100 76 100 Level 1 10 | . 23 . Level 2 . | . . . Level 3 . | . . . Level 4 . | . . . Level 5 . | . . . High Security . | . . . Max Security . | . . . Squads Dispatched 2 | . 2 . Investigation 2 | . 2 . Extermination . | . . . Reinforcement . | . . . Assault . | . . . Garrison . | . . . Intercept . | . . . Searches Triggered . | . . . Construction Impeded . | . . . Haulers Reinforced . | . . . Active Scanning Responses . | . . . Cargo Convoy Interrupts . | . . . Stealth | -11 -10 -10 --------- Run | Yrd Mat Min Distress Signals 1 | . 1 . Communications Jammed . | . . . Distress Signals . | . . . Times Spotted 26 | . 16 10 Peak Tracking Total 5 | . 5 5 Tactical Retreats . | . . . Traps | -11 -10 -10 ------- Run | Yrd Mat Min Traps Triggered 2 | . 2 . Indirectly . | . . . Trap Hack Attempts . | . . . Triggered . | . . . Disarmed 6 | . 6 . Reprogrammed . | . . . Reused . | . . . Traps Extracted . | . . . Installed . | . . . Triggered . | . . . Machines | -11 -10 -10 ---------- Run | Yrd Mat Min Machines Disabled 2 | . . 2 Max in Single Turn 1 | . . 1 Machines Repaired . | . . . Machines Dismantled . | . . . Machines Sabotaged . | . . . Overloaded Fab Kills . | . . . Hacking | -11 -10 -10 --------- Run | Yrd Mat Min Machines Accessed 6 | . 5 1 Terminals 5 | . 5 . Fabricators . | . . . Repair Stations . | . . . Recycling Units . | . . . Scanalyzers . | . . . Garrison Access . | . . . Total Hacks 20 | . 19 1 Successful 8 | . 7 1 Failed 12 | . 12 . Catastrophic 4 | . 4 . Database Lockouts . | . . . Manual 10 | . 10 . Terminals 19 | . 19 . Fabricators . | . . . Repair Stations . | . . . Recycling Units . | . . . Scanalyzers . | . . . Garrison Access . | . . . Terminal Hacks 8 | . 7 1 Open Door 1 | . . 1 Terminal Index 1 | . 1 . Locate Traps 3 | . 3 . Disarm Traps 1 | . 1 . Zone Layout 2 | . 2 . Fabricator Hacks . | . . . Repair Station Hacks . | . . . Recycling Unit Hacks . | . . . Scanalyzer . | . . . Garrison Access Hacks . | . . . Unauthorized Hacks . | . . . Terminals . | . . . Fabricators . | . . . Repair Stations . | . . . Recycling Units . | . . . Scanalyzers . | . . . Garrison Access . | . . . Data Cores Recovered . | . . . Used . | . . . Hacking Detections 5 | . 5 . Full Trace Events 4 | . 4 . Feedback Events . | . . . Feedback Blocked . | . . . Robot Schematics Acquired . | . . . Robots Built . | . . . Authchips . | . . . Time . | . . . Total Robot Build Rating . | . . . Part Schematics Acquired . | . . . Parts Built . | . . . Authchips . | . . . Time . | . . . Total Part Build Rating . | . . . Parts Repaired . | . . . Time . | . . . Parts Recycled . | . . . Recycled Matter . | . . . Retrieved Matter . | . . . Retrieved Components . | . . . Parts Scanalyzed . | . . . Part Schematics Acquired . | . . . Parts Damaged . | . . . Bothacking | -11 -10 -10 ------------ Run | Yrd Mat Min Used RIF Installer . | . . . Robots Hacked . | . . . Non-combat . | . . . Combat . | . . . Robot Hacks Applied . | . . . Relay Couplers Released . | . . . Fabnet Peak Effective % . | . . . Robots Rewired . | . . . Allies Hacked . | . . . Hacks Repelled . | . . . Allies | -11 -10 -10 -------- Run | Yrd Mat Min Total Allies . | . . . Largest Group . | . . . Highest-Rated Group . | . . . Highest-Rated Ally . | . . . Total Orders . | . . . Ally Attacks . | . . . Total Damage . | . . . Kills . | . . . Allies Corrupted . | . . . Allies Melted . | . . . Intel | -11 -10 -10 ------- Run | Yrd Mat Min Robot Analysis Total . | . . . Derelict Logs Recovered . | . . . Drone Launches . | . . . Drone Recoveries . | . . . Exploration | -11 -10 -10 ------------- Run | Yrd Mat Min Turns Passed 1911 | 42 891 978 Spaces Moved 1127 | 36 637 454 Core 97 | 2 95 . Treads . | . . . Legs . | . . . Wheels 1030 | 34 542 454 Hover . | . . . Flight . | . . . Fastest Speed 50 | 50 80 100 Average Speed 110 | 78 117 103 Slowest Speed 300 | 80 300 115 Overloaded Moves . | . . . Propulsion Burnouts . | . . . Robots Hopped . | . . . Cave-ins Triggered . | . . . Exploration Rate (%) 51 | 4 89 62 Regions Visited 2 Branch Regions 1 Pre-discovered Areas . | . . . Known Exits Taken 1 | . 1 . Unknown Exits Taken 1 | 1 . . Scrap Searched . | . . . Spaces Dug . | . . . Terrain Destroyed 11 | . . 11 Melee . | . . . Projectile . | . . . AOE 11 | . . 11 Terrain Rammed . | . . . Walls Destroyed . | . . . Machines Disabled . | . . . Actions | -11 -10 -10 --------- Run | Yrd Mat Min Total 1695 | 50 708 937 Wait 432 | . . 432 Move 1125 | 35 636 454 Hop . | . . . Pick Up 34 | 8 16 10 Fast Attach 2 | . 2 . Attach 10 | 6 3 1 Detach . | . . . Swap 17 | . 8 9 Drop 14 | 1 6 7 Fire 60 | . 37 23 Melee . | . . . Ram 1 | . . 1 Kick . | . . . Crush . | . . . Escape Stasis . | . . . Rewire . | . . . Trap . | . . . Miscellaneous . | . . . Route ------- -11/Scrapyard -10/Materials (discovered 4 exits: *Mat x2 / *Min x2) -10/Mines (discovered 2 exits: *Mat / *Sub) History --------- Turn | Location | Event 16 | -11/Scrapyard | Discovered new exit (range 15) 43 | -11/Scrapyard | Entered Materials 160 | -10/Materials | Discovered new exit (range 12) 215 | -10/Materials | Discovered new exit (range 13) 237 | -10/Materials | Core integrity fell below 50% 306 | -10/Materials | Build established: Mutant 501 | -10/Materials | Discovered new exit (range 16) 614 | -10/Materials | Identified exit to Mines 855 | -10/Materials | Discovered new exit (range 7) 861 | -10/Materials | Identified exit to Materials 934 | -10/Materials | Entered Mines 943 | -10/Mines | Discovered exit to Materials (range 5) 978 | -10/Mines | Met a Derelict who couldn't figure out how to use a Trap Extractor 1213 | -10/Mines | Discovered new exit (range 3) 1214 | -10/Mines | Identified exit to Subcaves 1502 | -10/Mines | Found a damaged Exp. Sensor Array with a note attached 1504 | -10/Mines | Found Prototype Device 1582 | -10/Mines | Received a Rocket Launcher from a helpful Derelict 1636 | -10/Mines | Assembled infested the area 1742 | -10/Mines | Core integrity fell below 20% 1912 | -10/Mines | Destroyed by as-80977 with Assembled Blade Last Messages --------------- Acquired 6 matter. T-07 Excavator destroyed. as-62154 destroyed. Dropped Propulsion Shielding. Acquired Imp. Terrain Scanner. Acquired 14 matter. Acquired 19 matter. Dropped Com. Wheel. Acquired 23 matter. as-74850 destroyed. Acquired 14 matter. Acquired 10 matter. Plasma Injector explodes. Signal Interpreter destroyed. System corrupted by crushing effect (+1). Knocked back. Destroyed Asb. Hover Unit. Knocked back. as-46658 destroyed. Switching to secondary target: as-80977. Map ----- +----------------------------------------------------+ | ???????# ##??# #????# #???? | | ???????# #### #????# #######???? | | ???????# ## ###### #?????????# | | ???????# #### # #?????????# | | ???????## ##??## ####### ! # ##????????# | | ????????## #????## #?????# ! #????????? | | ?????????# #?????#!#?????# !! #????????? | | ?????????# #?????# #?????# ! ##????????? | | ?????????# #?????# ####### ##????????? | | ?????????# ??????#*## ## #????????? | | ?????????? ??????#|## """ ### #????????? | | ?????????? ??????# ## """ #?# < #????????? | | ??????????#????### ## """ #?## ##????????? | | ???????????????# !*%= *% #??####?????????? | | ???????????????# =%!=! #???????????????? | | ???????????????# ### #???????????????? | | ???????????????# #?# #???????????????? | | ???????????????# #?#########???????????????? | | ???????????????# #?????????????????????????? | | ???????????????# #?????????????????????????? | | ???????????????# ###?????#?????????????????? | | ???????????????# ##??? #?????????????????? | | ???????????????# ### #?????????????????? | | ???????????????## #?????????????????? | | ????????????????# #?????????????????? | | ??????????????### *a@ #####?????????????????? | | ??????????????#;;!% ##?????????????????????? | | ?????????????#;; ;#??????????????????????? | | ?????????????#; ;#??????????????????????? | | ????????????#; ;#?????????????????????? | | ??????????? * ;#?????????????????????? | | ?????????#%!# = ;#?????????????????????? | | ?????????#!?## ##?????????????????????? | | ?????????#???### ##??????????????????????? | | ???????????????#$ ###???????????????????????? | | ???????????????# ??????????????????????????? | | ???????????????# ??????????????????????????? | | ???????????????# ??????????????????????????? | | ???????????????###??????????????????????????? | | ????????????????????????????????????????????? | | ????????????????????????????????????????????? | | ????????????????????????????????????????????? | | ????????????????????????????????????????????? | | ????????????????????????????????????????????? | | ????????????????????????????????????????????? | | ????????????????????????????????????????????? | | ????????????????????????????????????????????? | | ????????????????????????????????????????????? | | ????????????????????????????????????????????? | | ????????????????????????????????????????????? | +----------------------------------------------------+ Best States ------------- Heat Dissipation 25 Energy Generation 14 Energy Capacity 250 Matter Stores 300 Matter Capacity 300 Sight Range 16 Terrain Scan Density 10 Armor Coverage 150 Resistance: KI 20 Resistance: TH 20 Resistance: EX 20 Resistance: EM 20 Resistance: I 20 Resistance: S 20 Resistance: P 20 Evasion (%) 44 Offensive Hacking 10 Item Schematics ----------------- None Robot Schematics ------------------ None Fabricated ------------ Nothing Alien Tech Used ----------------- None Achievements -------------- None Challenges ------------ None Game ------ Seed HeartImprinterAnalyzer Manual? 0 Play Time 00:14:33 Cumulative 11.1 hours Start 2024.04.03 @ 17:42:04 End 2024.04.03 @ 17:55:46 Sessions 1 Manual Loads 0 Difficulty Adventurer Special Mode None Game No. 13 Rogue 0 Adventurer 13 Explorer 0 Win Type - Total 0 Types 0/0/0/0/0/0/0/0/0 Lore% 14 Gallery% 20 Achievement% 12 Wizard Run 0 Options --------- Layout 1 ASCII 0 Keyboard 0 Movement Mouse Keybinds 0 Fullscreen 1 Font 24/Smallcaps Map View 50x35 Zoom Use 0% Tactical HUD 0 Map Filters NONE Filters NONE Steam 0 RUN: 4625b97a-976b-4be3-9f4b-dc7bf701a0d1